AoeStats
← Lilliandil

Arabia

507647927Analyzed
1v1 RM · 13d ago on Sep 19, 2026· 25m 33s· 2 players
Game mode
Random Map
Map size
Tiny (2 player)
Population
200
Speed
Normal
Resources
Standard
Victory
Conquest
Starting age
Dark Age
Ending age
Imperial Age
RankedLock teamsTeams togetherTeam positionsShared explorationLock speedFull tech treeHidden civsTurbo modeCheats
Victory
Defeat
🇮🇳 Berbers · India
1054
+17
🇦🇺 Ethiopians · Australia
1070
-17
Recursion
9:46 Loom
11:39 Feudal Age
11:56 Man-at-Arms
14:46 Double-Bit Axe
21:17 Castle Age
19:40 Gold Mining
20:29 Bloodlines
22:34 Scale Barding Armor
22:58 Bow Saw
23:19 Forging
24:00 Husbandry
24:38 Loom
26:17 Iron Casting
Lilliandil
8:37 Loom
10:57 Feudal Age
19:16 Castle Age
17:29 Scale Mail Armor
19:33 Forging
19:50 Fletching
19:49 Double-Bit Axe
Connection lost

Rejoining the realm…

Still unreachable

The connection could not be restored.

Session expired

The server has moved on; the page needs a fresh start.